 Dungeon Crawl Stone Soup version 0.28.0-53-g5a82cb258f (webtiles) character file.

Game seed: 869275084619202206

898 Lennethare the Vexing (level 7, -1/82 HPs)
             Began as a Black Draconian Conjurer on July 23, 2022.
             Succumbed to a water moccasin's poison
             ... on level 5 of the Dungeon.
             The game lasted 00:17:19 (6055 turns).

Lennethare the Vexing (Black Draconian Conjurer)    Turns: 6055, Time: 00:17:20

Health: -1/82      AC: 23    Str: 12    XL:     7   Next: 79%
Magic:  10/10      EV:  2    Int: 18    God:
Gold:   99         SH:  0    Dex: 11    Spells: 3/10 levels left

rFire   . . .      SeeInvis +   m - +4 rapier (venom)
rCold   . . .      Faith    .   (no shield)
rNeg    . . .      Spirit   .   (armour unavailable)
rPois   +          Reflect  .   (helmet currently unavailable)
rElec   .          Harm     .   (cloak currently unavailable)
rCorr   .          Rampage  .   (gloves currently unavailable)
Will    .....      NoTele   +   (boots currently unavailable)
Stlth   ++........              (no amulet)
HPRegen 0.23/turn               e - ring of see invisible
MPRegen 0.12/turn               (no ring)

@: brilliant, lethally poisoned (-1 -> -7), tree-form
A: stationary, stasis, torment immunity, boosted hp, (breathe lightning), AC +6,
unfitting armour, (electricity resistance), (cold-blooded), (hooves 1), (stinger
1), agile 1, robust 1
a: no special abilities


You were on level 5 of the Dungeon.
You were a tree.
You visited 1 branch of the dungeon, and saw 5 of its levels.
You also visited: Sewer.

You collected 189 gold pieces.
You spent 90 gold pieces at shops.

Inventory:

Hand Weapons
 f - a +0 flail of venom
 m - a +4 rapier of venom (weapon)
Armour
 p - a +0 pair of gloves (melded)
Jewellery
 e - a ring of see invisible (left branch)
Scrolls
 a - 3 scrolls of teleportation
 c - 2 scrolls of torment
 l - 3 scrolls of amnesia
Potions
 b - a potion of might
 d - a potion of flight
 i - a potion of attraction
 j - a potion of cancellation
 n - a potion of mutation
 t - a potion of heal wounds {unknown}
 v - a potion of berserk rage {unknown}


   Skills:
 - Level 1.7 Dodging
 - Level 1.7 Stealth
 - Level 2.0 Spellcasting
 + Level 6.1 Conjurations
 + Level 6.8 Hexes


You had 3 spell levels left.
You knew the following spells:

 Your Spells              Type           Power      Damage    Failure   Level
a - Magic Dart            Conj           100%       1d8       1%          1
b - Searing Ray           Conj           70%        2d7       2%          2
c - Fulminant Prism       Conj/Hex       18%        3d11      12%         4

Your spell library contained the following spells:

 Spells                   Type           Power      Damage    Failure   Level
 Dazzling Flash           Conj/Hex       74%        N/A       3%          3
 Summon Guardian Golem    Hex/Summ       21%        N/A       13%         3
 Beastly Appendage        Tmut           4%         N/A       19%         1
 Wereblood                Tmut           2%         N/A       26%         2
 Spider Form              Tmut/Pois      2%         N/A       47%         3
 Iskenderun's Mystic Bla  Conj/Tloc      19%        2d6       45%         4
 Orb of Destruction       Conj           17%        9d7       100%        7
 Spellforged Servitor     Conj/Summ      9%         N/A       100%        7


Dungeon Overview and Level Annotations

Branches:
Dungeon (5/15)              Sewer (visited)
 Temple: D:4-7

Altars:
Okawaru

Shops:
D:3 *


Innate Abilities, Weirdness & Mutations

You are a tree.
Your roots penetrate the ground, keeping you stationary.
You cannot be teleported.
You are immune to unholy pain and torment.
Your maximum health is greatly increased.
Your equipment is partially melded.
((You can breathe wild blasts of lightning.))
((Your glossy black scales are hard. (AC +6)))
You cannot fit into any form of body armour.
((You are resistant to electric shocks. (rElec)))
((You are cold-blooded and may be slowed by cold attacks.))
((You have large cloven feet.))
((Your tail ends in a venomous barb.))
You are agile. (Dex +2)
You are robust. (+10% HP)


Message History

You feel magically purged.
You float gracefully downwards.
You feel less confused.
You have got your breath back.
You feel very sick. The water moccasin bites you.
* * * LOW HITPOINT WARNING * * *
The orc hits you with a +0 falchion.
* * * LOW HITPOINT WARNING * * *
The orc hits you but does no damage. The orc wizard closely misses you.
The orc wizard hits you but does no damage.
The orc hits you but does no damage.
You feel less attractive to monsters.
It was a potion of mutation.
You feel extremely strange.
You feel agile.
A venomous barb forms on the end of your tail.
Your feet thicken and deform.
You feel robust.
* * * LOW HITPOINT WARNING * * *
You feel very sick.
A hound comes into view.
The water moccasin bites you.
* * * LOW HITPOINT WARNING * * *
The orc completely misses you. The orc hits you but does no damage.
The water moccasin bites you.
* * * LOW HITPOINT WARNING * * *
The orc wizard hits you with a +1 dagger of protection.
* * * LOW HITPOINT WARNING * * *
The orc wizard closely misses you. The orc hits you but does no damage.
The hound moves out of view.
It was a potion of lignification.
You turn into a tree.
Your +0 pair of gloves melds into your body.
Your roots penetrate the ground.
* * * LOW HITPOINT WARNING * * *
You feel sick.
The water moccasin bites you but does no damage.
The orc hits you but does no damage. x2
The orc wizard hits you but does no damage.
The orc hits you but does no damage.
The orc wizard hits you but does no damage.
It was a potion of brilliance.
You feel clever all of a sudden.
You die...

...........................
#..........##.#...........#
#.....)..##.#.#..........
.####...#####.#.#.##.......
............#!#...##.......
###.....)...#.#########....
#....).oo.#.# #####
#.....sooo#.#### #
.......ro♣o...... #
.......##S##..?... #
....... #.# ...... #
....s.. #.. ..... # .##..r
##. .... # #. . #### .#


You could see a water moccasin, a scorpion, 2 orc wizards, 5 orcs and a quokka.

Vanquished Creatures
  Grinder (D:5)
  Eustachio (D:4)
  An ogre (D:4)
  A phantom (D:4)
  A scorpion (D:4)
  An orc wizard (D:3)
  6 gnolls
  13 adders
  3 river rats (Sewer)
  An ufetubus (D:4)
  An adder skeleton (D:5)
  3 dart slugs
  12 orcs
  11 bats
  5 endoplasms
  6 giant cockroaches
  6 goblins
  8 hobgoblins
  3 quokkas
  9 ball pythons
  7 frilled lizards
  3 kobolds
  10 rats
113 creatures vanquished.

Vanquished Creatures (others)
  A fulminant prism (D:4)
1 creature vanquished.

Grand Total: 114 creatures vanquished

Notes
Turn   | Place    | Note
-------+----------+-------------------------------------------
     0 | D:1      | Lennethare the Draconian Conjurer began the quest for the
                  | Orb.
     0 | D:1      | Reached XP level 1. HP: 14/14 MP: 3/3
   114 | D:1      | Reached skill level 1 in Hexes
   228 | D:1      | Reached XP level 2. HP: 20/20 MP: 0/5
   231 | D:1      | Learned a level 2 spell: Searing Ray
  1258 | D:2      | Reached XP level 3. HP: 17/26 MP: 1/6
  1887 | D:2      | Reached XP level 4. HP: 32/33 MP: 7/7
  1892 | D:2      | Learned a level 4 spell: Fulminant Prism
  2146 | D:3      | Found Loxineap's Assorted Antiques.
  2228 | D:3      | Found a glowing drain.
  2250 | Sewer    | Entered a sewer
  2500 | Sewer    | Reached XP level 5. HP: 25/38 MP: 2/8
  3200 | D:3      | Reached skill level 5 in Hexes
  3346 | D:3      | Bought a scroll labelled SEXIJA QUUPIRO for 30 gold pieces
  3346 | D:3      | Bought a scroll labelled NUBBIL IHUSOLEAXAR for 30 gold
                  | pieces
  3346 | D:3      | Bought a scroll labelled KUGEGO PIBAOGH for 30 gold pieces
  3481 | D:3      | Found a faded altar of an unknown god.
  3812 | D:3      | Found an iron altar of Okawaru.
  4068 | D:4      | Noticed an ogre
  4075 | D:4      | Killed an ogre
  4076 | D:4      | Reached XP level 6. HP: 45/45 MP: 2/9
  4324 | D:4      | Noticed Eustachio
  4567 | D:4      | Reached skill level 5 in Conjurations
  4569 | D:4      | Your scales start taking on a glossy black colour.
  4569 | D:4      | Reached XP level 7. HP: 49/50 MP: 1/10
  4569 | D:4      | Gained mutation: You are resistant to electric shocks.
                  | (rElec) [Black Draconian growth]
  4917 | D:4      | Killed Eustachio
  5703 | D:5      | Entered Level 5 of the Dungeon
  5707 | D:5      | Noticed Grinder
  5816 | D:5      | Killed Grinder
  6053 | D:5      | Gained mutation: You are agile. (Dex +2) [potion of
                  | mutation]
  6053 | D:5      | Gained mutation: Your tail ends in a venomous barb. [potion
                  | of mutation]
  6053 | D:5      | Gained mutation: You have large cloven feet. [potion of
                  | mutation]
  6053 | D:5      | Gained mutation: You are robust. (+10% HP) [potion of
                  | mutation]
  6053 | D:5      | HP: 2/55 [orc wizard/+1 dagger of protection (2)]
  6055 | D:5      | Succumbed to a water moccasin's poison

Illustrated notes

Levels and vault maps discovered:
D:1:      dpeg_arrival_line_fractal, layout_loops_ring, minmay_pentomino_q2
D:2:      layout_rooms
D:3:      layout_rooms, okawaru_trees_1, gup_sewer_entry_glass,
          hellmonk_ecumenical_altar_arch_garden, serial_shops,
          nicolae_square_shop, bh_walls_and_bars
D:4:      layout_cave_pods, corexii_item_surrounded_by_moat, serial_park_tiny_2,
          uniq_pikel, uniq_eustachio
D:5:      layout_basic, ebering_ghost_rock_garden, minmay_misc_feat_x,
          uniq_grinder

Skill      XL: |  1  2  3  4  5  6  7 |
---------------+----------------------+-----
Hexes          | 1 2 3 4 5 6 |  6.8
Conjurations   | 5 6 |  6.1
Dodging        | |  1.7
Stealth        | |  1.7
Spellcasting   | |  2.0

Action                   |  1- 3 |  4- 6 |  7- 9 || total
-------------------------+-------+-------+-------++-------
Melee: Unarmed           |     1 |       |       ||     1
       Flail             |    45 |    90 |    13 ||   148
       Tailslap          |     4 |     4 |     4 ||    12
       Rapier            |       |       |    19 ||    19
       Punch             |       |       |     1 ||     1
 Cast: Magic Dart        |    47 |    14 |     4 ||    65
       Searing Ray       |     4 |    23 |     2 ||    29
       Fulminant Prism   |       |       |     1 ||     1
 Abil: Breathe Lightning |       |       |     7 ||     7
  Use: Scroll            |       |    10 |     1 ||    11
       Potion            |       |       |     8 ||     8
 Stab: Sleeping          |       |     3 |     1 ||     4
Armor: Skin              |    28 |    54 |    40 ||   122
Dodge: Dodged            |    50 |   107 |    63 ||   220
